 Dungeon Crawl Stone Soup version 0.30.0-19-g36f170ea60 (webtiles) character file.

Game seed: 3183965943136213828

53329 Gabide the Geomancer (level 13, -2/111 HPs)
             Began as a Demigod Conjurer on May 30, 2023.
             Slain by a golden dragon simulacrum (13 damage)
             ... in an ice cave.
             The game lasted 00:38:13 (18854 turns).

Gabide the Geomancer (Demigod Conjurer)            Turns: 18854, Time: 00:38:13

Health: -2/111     AC: 16    Str:  8    XL:     13   Next: 98%
Magic:  25/39      EV: 16    Int: 36    God:
Gold:   770        SH:  0    Dex: 15    Spells: 8/28 levels left

rFire   . . .        G - staff of earth
rCold   + . .        j - orb {light}
rNeg    . . .        M - +2 robe {Will+}
rPois   .            p - +2 helmet
rElec   .            x - +2 cloak
rCorr   .            Q - +2 pair of gloves {Dex+3}
SInv    .            T - +2 pair of boots
Will    ++...        c - amulet of magic regeneration
Stlth   +            n - ring of magical power
HPRegen 0.38/turn    g - ring of protection from cold
MPRegen 0.66/turn

%: no passive effects
@: liquefying, glowing, studying Transmutations, slowed movement, very slow
A: high MP 1, forlorn, divine attributes
a: no special abilities


You were in an ice cave.
You visited 1 branch of the dungeon, and saw 15 of its levels.
You also visited: Bailey and Ice Cave.

You collected 1212 gold pieces.
You spent 442 gold pieces at shops.

Inventory:

Hand Weapons
 a - a +3 dagger of electrocution
Missiles
 m - a throwing net
 w - 2 curare-tipped darts
Armour
 j - an orb of light (worn)
 p - a +2 helmet (worn)
 x - a +2 cloak (worn)
 M - a +2 robe of willpower (worn)
 Q - a +2 pair of gloves of dexterity (worn)
 T - a +2 pair of boots (worn)
Magical Staves
 G - a staff of earth (weapon)
Jewellery
 c - an amulet of magic regeneration (around neck)
 g - a ring of protection from cold (right hand)
 i - a ring of flight
 n - a ring of magical power (left hand)
 o - a ring of protection from fire
 N - a ring of magical power
 V - a +6 ring of strength
Wands
 L - a wand of roots (17)
 P - a wand of paralysis (3)
 S - a wand of flame (15)
 U - a wand of mindburst (8)
Scrolls
 b - 6 scrolls of identify
 d - 4 scrolls of magic mapping
 e - 4 scrolls of amnesia
 f - 3 scrolls of immolation
 y - 2 scrolls of blinking
 A - a scroll of fear
 B - 4 scrolls of vulnerability
 H - 2 scrolls of enchant armour
 I - 3 scrolls of summoning
 J - 3 scrolls of enchant weapon
 K - 6 scrolls of teleportation
 O - 3 scrolls of poison
 R - 2 scrolls of fog
Potions
 h - 4 potions of flight
 k - 7 potions of curing
 l - 2 potions of might
 q - 2 potions of resistance
 r - 4 potions of brilliance
 s - 4 potions of cancellation
 t - a potion of attraction
 u - a potion of haste
 v - 3 potions of magic
 z - 2 potions of berserk rage
 C - 2 potions of heal wounds
 E - a potion of mutation
 F - a potion of invisibility
Miscellaneous
 D - a phantom mirror


   Skills:
 + Level 9.0 Fighting
 + Level 8.9 Dodging
 - Level 3.0 Stealth
 + Level 8.4 Spellcasting
 * Level 12.6 Conjurations
 * Level 12.6 Earth Magic


You had 8 spell levels left.
You knew the following spells:

 Your Spells              Type           Power      Damage    Failure   Level
a - Magic Dart            Conj           100%       1d8       0%          1
b - Searing Ray           Conj           100%       2d8       1%          2
c - Stone Arrow           Conj/Erth      100%       3d13      1%          3
d - Iron Shot             Conj/Erth      51%        9d10      2%          6
e - Iskenderun's Mystic   Conj/Tloc      57%        2d12      1%          4
f - Leda's Liquefaction   Hex/Erth       37%        N/A       1%          4

Your spell library contained the following spells:

 Spells                   Type           Power      Damage    Failure   Level
 Dazzling Flash           Conj/Hex       100%       N/A       1%          3
 Animate Armour           Summ/Erth      100%       N/A       1%          4
 Fulminant Prism          Conj/Hex       28%        3d14      1%          4
 Apportation              Tloc           30%        N/A       2%          1
 Necrotise                Necr           60%        1d7       2%          1
 Slow                     Hex            60%        N/A       2%          1
 Summon Small Mammal      Summ           60%        N/A       2%          1
 Ensorcelled Hibernation  Hex/Ice        30%        N/A       4%          2
 Call Canine Familiar     Summ           15%        N/A       9%          3
 Confusing Touch          Hex            15%        N/A       9%          3
 Portal Projectile        Hex/Tloc       30%        N/A       9%          3
 Spider Form              Tmut/Pois      15%        N/A       9%          3
 Summon Guardian Golem    Hex/Summ       15%        N/A       9%          3
 Vampiric Draining        Necr           15%        2d7       9%          3
 Anguish                  Hex/Necr       7%         N/A       26%         4
 Agony                    Necr           15%        N/A       58%         5
 Blade Hands              Tmut           7%         N/A       58%         5
 Silence                  Hex/Air        7%         N/A       58%         5
 Lehudib's Crystal Spear  Conj/Erth      51%        10d12     69%         8


Dungeon Overview and Level Annotations

Branches:
Dungeon (15/15)            Temple (0/1) D:7            Lair (0/5) D:11
    Orc (0/2) D:9          Vaults (0/5) D:14         Bailey (visited)
  IceCv (1/1)
 Depths: D:15

Shops:
D:1 (::=   D:2 (   D:8 ![

Annotations:
D:5 3 runed translucent doors, NoOffense's ghost, novice TrMo


Innate Abilities, Weirdness & Mutations

You have an increased reservoir of magic. (+10% MP)
You shall have no god before yourself.
Your divine heritage dramatically boosts your attributes as you level up.


Message History

The golden dragon simulacrum freezes you!
You resist.
The golden dragon simulacrum completely misses you.
The golden dragon simulacrum tramples you!
* * * LOW HITPOINT WARNING * * *
You stumble backwards!
Okay, then.
Casting: Stone Arrow (safe; 1% risk of failure)
Confirm with . or Enter, or press ? or * to list all spells.
You erupt in a blast of force!
The mystic blast hits the golden dragon simulacrum!
The golden dragon simulacrum is severely damaged.
The golden dragon simulacrum is knocked back by the mystic blast.
The golden dragon simulacrum collides with the anaconda simulacrum!
The anaconda simulacrum is lightly damaged.
The mystic blast hits the anaconda simulacrum!
The anaconda simulacrum is almost destroyed.
The anaconda simulacrum is knocked back by the mystic blast.
The anaconda simulacrum slams into the ice covered rock wall!
The anaconda simulacrum vaporises!
Your Fighting skill increases to level 9!
As you read the scroll of summoning, it crumbles to dust.
Wisps of shadow whirl around you...
Casting: Iskenderun's Mystic Blast (mildly dangerous; 1% risk of failure)
Confirm with . or Enter, or press ? or * to list all spells.
Really blast near your freezing wraiths and dire elephant simulacrum?
Okay, then.
Unknown command.
Your freezing wraith barely misses the golden dragon simulacrum.
Your freezing wraith hits the golden dragon simulacrum but does no damage.
Your dire elephant simulacrum becomes momentarily stuck in the liquid earth.
Your dire elephant simulacrum trunk-slaps the golden dragon simulacrum!
Your dire elephant simulacrum freezes the golden dragon simulacrum.
The golden dragon simulacrum completely resists.
The golden dragon simulacrum attacks as you move away!
The golden dragon simulacrum bites you!!
* * * LOW HITPOINT WARNING * * *
The golden dragon simulacrum freezes you!
You resist.
You die...

####### (
##.....# ...
##......#
.....#Z°.....#
.....Z.Z∩Z@∩.#
.....#...ZW..#
... ##W.Z...#
( ##.....#
#######


You could see an anaconda simulacrum (struggling, ally target), 3 alligator
simulacra, a golden dragon simulacrum (ally target), 2 friendly freezing wraiths
and a friendly dire elephant simulacrum (summoned, struggling).

Vanquished Creatures
  A very ugly thing (D:15)
  A fire dragon (D:13)
  2 centaur warriors
  An ogre mage (D:14)
  4 boulder beetles
  8 two-headed ogres
  A death knight (D:14)
  A fire crab (shapeshifter) (D:13)
  An orange crystal statue (D:10)
  An orc knight (Bailey)
  A deep elf pyromancer (D:12)
  7 cyclopes
  23 ugly things
  2 manticores (D:7)
  3 gargoyles
  2 unseen horrors
  6 kobold demonologists
  An anaconda simulacrum (IceCv)
  A komodo dragon (D:11)
  A tengu conjurer (D:13)
  5 trolls
  A hornet (D:9)
  3 slime creatures (D:14)
  A spriggan (D:11)
  3 shadows
  Sigmund (D:4)
  2 wraiths
  2 wyverns
  9 vampire mosquitoes
  32 yaks
  2 basilisks
  A steam dragon (D:8)
  2 harpy simulacra (IceCv)
  2 acid dragons
  9 orc warriors
  3 water moccasins
  Duvessa (D:7)
  3 sky beasts (D:7)
  4 black bears
  2 ice beasts
  8 centaurs
  3 ogres
  2 phantoms
  6 kobold brigands
  7 scorpions
  7 wights
  Dowan (D:7)
  4 killer bees (D:10)
  4 howler monkeys
  2 gnoll boudas
  4 jellies
  3 orc priests
  2 sleepcaps
  Natasha (twice) (D:3)
  7 iguanas
  11 orc wizards
  17 gnolls
  4 adders
  4 shadow imps
  A white imp (D:7)
  2 ufetubi (D:5)
  A worm (D:2)
  3 dart slugs
  39 orcs
  9 endoplasms
  6 giant cockroaches
  9 hobgoblins
  9 jackals
  20 kobolds
  4 quokkas
  6 ball pythons
  3 bats (D:1)
  3 frilled lizards
  A goblin (D:1)
  5 rats
375 creatures vanquished.

Vanquished Creatures (others)
  Natasha (D:3)
  A giant cockroach (D:3)
  A hobgoblin (D:8)
3 creatures vanquished.

Grand Total: 378 creatures vanquished

Notes
Turn   | Place    | Note
-------+----------+-------------------------------------------
     0 | D:1      | Gabide the Demigod Conjurer began the quest for the Orb.
     0 | D:1      | Reached XP level 1. HP: 14/14 MP: 5/5
   107 | D:1      | Found Duezuamn's Book Emporium.
   183 | D:1      | Reached XP level 2. HP: 13/22 MP: 0/7
   383 | D:1      | Found Nyujant's Book Shoppe.
   404 | D:1      | Found Efen's Antique Armour Emporium.
   434 | D:1      | Found Quitowki's Jewellery Shoppe.
   594 | D:1      | Found Xatena's Weapon Emporium.
   974 | D:1      | Reached XP level 3. HP: 31/31 MP: 8/11
  1066 | D:2      | You are sucked into a shaft and drop 2 floors!
  1085 | D:4      | Reached XP level 4. HP: 25/39 MP: 4/12
  1225 | D:4      | Reached XP level 5. HP: 36/46 MP: 7/14
  1325 | D:4      | Learned a level 2 spell: Searing Ray
  1520 | D:4      | Reached XP level 6. HP: 48/52 MP: 9/15
  2928 | D:2      | Found Didedghudye's Antique Weapon Boutique.
  3103 | D:3      | Noticed Natasha
  3109 | D:3      | Killed Natasha
  3278 | D:3      | Killed Natasha
  3320 | D:3      | Noticed Natasha
  3323 | D:3      | Killed Natasha
  3677 | D:4      | Reached XP level 7. HP: 53/59 MP: 6/16
  3933 | D:4      | Noticed Sigmund
  3940 | D:4      | Killed Sigmund
  4453 | D:5      | Entered Level 5 of the Dungeon
  4464 | D:5      | Noticed a shadow
  4469 | D:5      | Killed a shadow
  4470 | D:5      | Reached skill level 5 in Dodging
  4711 | D:5      | Reached XP level 8. HP: 67/67 MP: 12/18
  5181 | D:5      | Reached skill level 5 in Spellcasting
  5303 | D:5      | Reached skill level 5 in Fighting
  5524 | D:5      | Found a runed translucent gate.
  5525 | D:5      | Found a runed translucent gate.
  5525 | D:5      | Found a runed translucent gate.
  5525 | D:5      | Noticed NoOffense's ghost (novice TrMo)
  6496 | D:6      | Identified the +0 helmet of Juomiol {rF++ Str+9 Int-2}
  7013 | D:7      | Reached XP level 9. HP: 74/74 MP: 14/20
  7099 | D:7      | Identified a scroll of acquirement
  7099 | D:7      | Acquired an amulet of magic regeneration
  7131 | D:7      | Noticed a cyclops
  7131 | D:7      | Noticed a manticore
  7274 | D:7      | Killed a manticore
  7323 | D:7      | Noticed a manticore
  7324 | D:7      | Noticed a cyclops
  7652 | D:7      | Killed a manticore
  8049 | D:7      | Found a staircase to the Ecumenical Temple.
  8120 | D:7      | Noticed an unseen horror
  8129 | D:7      | Killed an unseen horror
  8141 | D:7      | Noticed a cyclops
  8177 | D:7      | Noticed a boulder beetle
  8359 | D:7      | Noticed Duvessa
  8360 | D:7      | Noticed Dowan
  8369 | D:7      | Killed Dowan
  8373 | D:7      | Killed Duvessa
  8855 | D:7      | Reached skill level 5 in Earth Magic
  8862 | D:7      | Noticed a gargoyle
  8876 | D:7      | Killed a gargoyle
  8877 | D:7      | Reached XP level 10. HP: 17/83 MP: 12/22
  9043 | D:7      | Killed a cyclops
  9322 | D:7      | Noticed a cyclops
  9337 | D:7      | Killed a cyclops
  9354 | D:7      | Killed a cyclops
  9564 | D:7      | Killed a cyclops
  9659 | D:7      | Identified the +0 ice dragon scales of Wios {rPois rF- rC++
                  | Str+3}
  9659 | D:7      | Identified the staff of poison "Owul" {*Corrode rElec rPois
                  | rN+ Dex+3}
  9693 | D:7      | Acquired a staff of earth
  9819 | D:1      | Bought a book of Armaments for 432 gold pieces
  9823 | D:1      | Learned a level 3 spell: Stone Arrow
  9830 | D:1      | Learned a level 6 spell: Iron Shot
 10338 | D:7      | Killed a boulder beetle
 10443 | D:7      | Identified the +9 arbalest "Orb Guardian's Curse" {drain,
                  | rF+ rCorr Str+3}
 10734 | D:8      | Found Dureps's Distillery.
 10739 | D:8      | Bought a potion of degeneration for 10 gold pieces
 10951 | D:8      | Noticed a cyclops
 10972 | D:8      | Killed a cyclops
 11019 | D:8      | Found a flagged portal.
 11031 | Bailey   | Entered a bailey
 11358 | Bailey   | Reached XP level 11. HP: 89/89 MP: 12/24
 11358 | Bailey   | Reached skill level 10 in Conjurations
 11358 | Bailey   | Reached skill level 10 in Earth Magic
 11358 | Bailey   | Reached XP level 12. HP: 97/97 MP: 12/26
 11663 | D:8      | Found Duosolux's Superior Scales.
 11974 | D:9      | Learned a level 4 spell: Iskenderun's Mystic Blast
 11979 | D:9      | Learned a level 4 spell: Leda's Liquefaction
 12496 | D:9      | Found a staircase to the Orcish Mines.
 12835 | D:10     | Entered Level 10 of the Dungeon
 14332 | D:11     | Found a staircase to the Lair.
 14991 | D:12     | Reached XP level 13. HP: 107/107 MP: 28/28
 16006 | D:13     | Identified the +7 spear of Terra Cotta {venom, Str+5 Int+2}
 17103 | D:14     | Found a gate to the Vaults.
 18376 | D:15     | Entered Level 15 of the Dungeon
 18379 | D:15     | Noticed a white very ugly thing
 18383 | D:15     | Killed a white very ugly thing
 18602 | D:15     | Found a frozen archway.
 18840 | IceCv    | Entered an ice cave
 18854 | IceCv    | Slain by a golden dragon simulacrum

Illustrated notes

Levels and vault maps discovered:
D:1:      nicolae_arrival_somewhat_less_tricky_arrival, layout_rooms,
          serial_shops, shop, shop, shop, nicolae_shop_tiny_glass, shop,
          minmay_hexomino_c4
D:2:      layout_loops_ring, basic_altar, serial_shops, nicolae_shop_dealshenge,
          solitary_fountain, nicolae_hexahallways, minmay_misc_feat_ornament
D:3:      layout_rooms, general_overflow_altar, grunt_qazlal_clouds,
          uniq_natasha
D:4:      layout_loops_cross, nicolae_dithmenos_through_a_glass_darkly,
          bloody_trog, worldfamousw_hep_ancestral_shrine,
          mainiacjoe_overflow_swirl, uniq_sigmund
D:5:      layout_basic, chequers_temple_overflow_statue_of_worship,
          gammafunk_ghost_necromancy, ebering_dispersal_statue_hall,
          minmay_manual_maat
D:6:      layout_basic
D:7:      minmay_the_grid_octo_triangle [minmay_the_grid_octo_pinwheel,
          minmay_the_grid_octo_prize_square_snowflake,
          minmay_the_grid_octo_teeth], layout_cave_pods,
          minmay_temple_entry_sparse_star, uniq_duvessa
D:8:      layout_loops_ring, nicolae_sif_muna_little_library, serial_shops,
          nicolae_shop_rolling_square, enter_bailey_4, hellmonk_scale_shop
D:9:      layout_irregular_city, mainiacjoe_overflow_boulevard, orc_0_dummy,
          hangedman_glass_teeth
D:10:     layout_irregular_city, mainiacjoe_overflow_chevrons, minivault_16
D:11:     layout_rooms, minmay_lair_entry_grove, the_hattery
D:12:     layout_irregular_city
D:13:     layout_basic, drop_trap
D:14:     layout_loops_ring, david_vaults_2, minmay_misc_feat_x
D:15:     gammafunk_depths_entry_grave, layout_irregular_city,
          yredelemnul_altar_generic, portal_ice_cave_entry_ugly_swarm
IceCv:    ice_cave_statue_garden_chambered

Skill      XL: |  1  2  3  4  5  6  7  8  9 10 11 12 13 |
---------------+----------------------------------------+-----
Dodging        | 2 4 5 6 7 8 |  8.9
Spellcasting   | 3 4 5 6 7 8 |  8.4
Conjurations   | 6 7 8 9 10 11 12 | 12.6
Fighting       | 3 4 5 6 7 9 |  9.0
Earth Magic    | 5 9 10 11 12 | 12.6
Stealth        | 3 |  3.0

Action                     |  1- 3 |  4- 6 |  7- 9 | 10-12 | 13-15 || total
---------------------------+-------+-------+-------+-------+-------++-------
  Melee: Unarmed           |    42 |       |       |       |       ||    42
         Punch             |     2 |       |       |       |       ||     2
         Dagger            |       |    31 |    11 |       |       ||    42
         Staff             |       |       |       |    77 |    16 ||    93
  Throw: Dart              |       |       |     1 |       |       ||     1
         Throwing net      |       |       |     1 |       |       ||     1
   Cast: Magic Dart        |    55 |    25 |     6 |       |       ||    86
         Searing Ray       |       |    39 |    97 |    23 |     2 ||   161
         Iron Shot         |       |       |       |   151 |   106 ||   257
         Stone Arrow       |       |       |       |    37 |     3 ||    40
         Iskenderun's Myst |       |       |       |     4 |     1 ||     5
         Leda's Liquefacti |       |       |       |     2 |     1 ||     3
    Use: Scroll            |     5 |    10 |     8 |    14 |     3 ||    40
         Potion            |     2 |       |     4 |     4 |     1 ||    11
 Armour: Robe              |    11 |    14 |    25 |    89 |    33 ||   172
         Ring mail         |       |       |     3 |    14 |       ||    17
  Dodge: Dodged            |    57 |    34 |    83 |   191 |    71 ||   436
